 Dungeon Sprint DCSS version 0.18.1-8-gdd0e5ea (webtiles) character file.

131 Groucho the Ducker (level 5, -15/36 HPs)
             Began as an Octopode Transmuter on May 24, 2016.
             Was a High Priest of Makhleb.
             Demolished by a cacodemon (21 damage)
             ... summoned by the player character
             ... in the Dungeon (Sprint VII: "The Pits").
             The game lasted 00:05:38 (1675 turns).

Groucho the Ducker (Octopode Transmuter)            Turns: 1675, Time: 00:05:38

Health: -15/36     AC:  1    Str:  9    XL:     5   Next: 14%
Magic:  11/11      EV: 14    Int: 16    God:    Makhleb [*****.]
Gold:   0          SH:  0    Dex: 13    Spells: 3 memorised, 4 levels left

rFire  . . .     SeeInvis .     r - +1 trident (pierce)
rCold  . . .     Gourm    .     (no shield)
rNeg   . . .     Faith    .     (helmet restricted)
rPois  .         Spirit   .     (no amulet)
rElec  .         Dismiss  .     (no ring)
rCorr  .         Reflect  .     (no ring)
SustAt .         Harm     .     (no ring)
MR     .....     NoTele   +     (no ring)
Stlth  ++++......               (no ring)
                                (no ring)
                                (no ring)
                                (no ring)

@: not resistant to hostile enchantments, stealthy
A: almost no armour, amphibious, 8 rings, constrict 8, camouflage 1, gelatinous
body 1
a: Minor Destruction, Lesser Servant of Makhleb, Major Destruction, Greater
Servant of Makhleb, Renounce Religion


You were in the Dungeon.
You worshipped Makhleb.
Makhleb was extremely pleased with you.
You were very full.

You visited 1 branch

Inventory:

Hand Weapons
 r - a +1 trident of piercing (weapon)
Missiles
 a - 12 arrows
 q - 10 stones (quivered)
Scrolls
 i - a scroll of blinking
 n - 3 scrolls of remove curse
 o - 5 scrolls of amnesia
 p - a scroll of summoning
Potions
 d - 5 potions of curing
 e - 5 potions of heal wounds
 f - a potion of haste
 g - 4 potions of magic
 h - 3 potions of berserk rage
 m - 2 potions of invisibility
Books
 b - a book of Changes

   Spells                             Type                      Level
   a - Beastly Appendage              Transmutation                1
   b - Sticks to Snakes               Transmutation                2
   c - Spider Form                    Transmutation/Poison         3
   d - Ice Form                       Ice/Transmutation            4
   e - Blade Hands                    Transmutation                5
Comestibles
 c - 8 bread rations
 k - 28 fruits
 l - 7 meat rations


   Skills:
 * Level 3.1 Fighting
 + Level 2.0 Polearms
 * Level 5.1 Dodging
 + Level 3.9 Stealth
 * Level 4.4 Unarmed Combat
 * Level 4.0 Spellcasting
 * Level 4.0 Transmutations
 + Level 3.0 Invocations


You had 4 spell levels left.
You knew the following spells:

 Your Spells              Type           Power        Failure   Level  Hunger
a - Beastly Appendage     Trmt           ###...       3%          1    None
b - Spider Form           Trmt/Pois      #.........   21%         3    ###....
c - Ice Form              Ice/Trmt       #.......     75%         4    ####...


Dungeon Overview and Level Annotations

Branches:
Dungeon (1/1)

Altars:
Ashenzari
Cheibriados
Dithmenos
Elyvilon
Fedhas
Gozag
Kikubaaqudgha
Makhleb
Nemelex Xobeh
Okawaru
Pakellas
Qazlal
Ru
Sif Muna
Trog
Vehumet
Xom
Yredelemnul
Zin
The Shining One
Beogh
Jiyva
Lugonu


Innate Abilities, Weirdness & Mutations

You cannot wear most types of armour.
You are amphibious.
You can wear up to eight rings at the same time.
You can use your tentacles to constrict eight enemies at once.
Your skin changes colour to match your surroundings (Stealth).
Your rubbery body absorbs attacks (AC +1).


Message History

You feel much better.
You constrict the snapping turtle, but do no damage.
The snapping turtle closely misses you.
You hit the snapping turtle but do no damage.
The snapping turtle is lightly wounded.
You constrict the snapping turtle, but do no damage.
The snapping turtle bites you.
A demon appears!
It doesn't seem very happy.
You feel somewhat less full.
You constrict the snapping turtle. The snapping turtle bites you.
* * * LOW HITPOINT WARNING * * *
Read which item? (? for menu, Esc to quit)
Okay, then.
Okay, then.
A demon appears!
You feel slightly less full.
You constrict the snapping turtle, but do no damage.
The snapping turtle closely misses you. The cacodemon hits you!!
Ouch! That really hurt!
You die...

#.#........##.......#
#†#........##.......#
#†###########.......#
#)......# #########
#..#.#..# #.##.##.#
#.......#+#
#.##.##.#t+
#..#.#..#@#
#.......24#
###########


You could see a cacodemon, a snapping turtle and a friendly orange demon.

Vanquished Creatures
  A big kobold (D)
  An orc priest (D)
  An adder (D)
  An ufetubus (D)
  A bat (D)
  2 hobgoblins (D)
  9 jackals (D)
  2 quokkas (D)
  2 ball pythons (D)
  A giant gecko skeleton (D)
  A quokka skeleton (D)
22 creatures vanquished.

Notes
Turn   | Place    | Note
--------------------------------------------------------------
     0 | D        | Groucho the Octopode Transmuter began the quest for the Orb.
     0 | D        | Reached XP level 1. HP: 13/13 MP: 3/3
    46 | D        | Found a sacrificial altar of Ru.
    46 | D        | Found a shadowy altar of Dithmenos.
    46 | D        | Found a bloodstained altar of Trog.
    46 | D        | Found a deep blue altar of Sif Muna.
    46 | D        | Found a shimmering altar of Xom.
    46 | D        | Found a sparkling altar of Nemelex Xobeh.
    46 | D        | Found a corrupted altar of Lugonu.
    46 | D        | Found a viscous altar of Jiyva.
    47 | D        | Found a basalt altar of Yredelemnul.
    47 | D        | Found a glowing golden altar of the Shining One.
    47 | D        | Found a shattered altar of Ashenzari.
    47 | D        | Found a white marble altar of Elyvilon.
    47 | D        | Found a snail-covered altar of Cheibriados.
    47 | D        | Found a blossoming altar of Fedhas.
    47 | D        | Found a radiant altar of Vehumet.
    47 | D        | Found a burning altar of Makhleb.
    47 | D        | Found an ancient bone altar of Kikubaaqudgha.
    47 | D        | Found a glowing silver altar of Zin.
    47 | D        | Found a roughly hewn altar of Beogh.
    47 | D        | Found an iron altar of Okawaru.
    48 | D        | Found an oddly glowing altar of Pakellas.
    53 | D        | Found a stormy altar of Qazlal.
    53 | D        | Found an opulent altar of Gozag.
    79 | D        | Became a worshipper of Makhleb the Destroyer
    95 | D        | Reached skill level 1 in Stealth
   288 | D        | Reached * piety under Makhleb
   736 | D        | Reached ** piety under Makhleb
   736 | D        | Reached XP level 2. HP: 6/19 MP: 3/5
   742 | D        | Reached skill level 3 in Dodging
   742 | D        | Reached skill level 1 in Invocations
  1011 | D        | Reached *** piety under Makhleb
  1039 | D        | Reached **** piety under Makhleb
  1039 | D        | Reached XP level 3. HP: 14/24 MP: 6/6
  1532 | D        | Reached ***** piety under Makhleb
  1551 | D        | Noticed a big kobold
  1552 | D        | Reached skill level 4 in Dodging
  1556 | D        | Killed a big kobold
  1556 | D        | Reached skill level 1 in Polearms
  1556 | D        | Reached XP level 4. HP: 24/30 MP: 7/9
  1656 | D        | Reached skill level 5 in Dodging
  1656 | D        | Reached XP level 5. HP: 36/36 MP: 9/11
  1662 | D        | Learned a level 3 spell: Spider Form
  1667 | D        | Learned a level 4 spell: Ice Form
  1667 | D        | Noticed a snapping turtle
  1674 | D        | Noticed a cacodemon
  1675 | D        | Demolished by a cacodemon

Skill      XL: |  1  2  3  4 |
---------------+-------------+-----
Stealth        | 1 2 3 |  3.9
Fighting       | 2 3 |  3.1
Dodging        | 3 4 5 |  5.1
Invocations    | 1 2 3 |  3.0
Polearms       | 1 2 |  2.0
Unarmed Combat | 4 |  4.4
Spellcasting   | 3 4 |  4.0
Transmutations | 3 4 |  4.0

Action                   |  1- 3 |  4- 6 || total
-------------------------+-------+-------++-------
Melee: Trident           |    45 |    11 ||    56
       Constrict         |    14 |     2 ||    16
       Unarmed           |     5 |       ||     5
       Kick              |     6 |       ||     6
       Tentacles         |     7 |     1 ||     8
Throw: Stone             |     6 |     1 ||     7
 Cast: Beastly Appendage |     2 |       ||     2
Invok: Lesser Servant of |       |     1 ||     1
       Greater Servant o |       |     1 ||     1
  Use: Potion            |     1 |     1 ||     2
 Stab: Sleeping          |     1 |     2 ||     3
  Eat: Fruit             |    12 |       ||    12
Armor: Skin              |     5 |       ||     5
Dodge: Dodged            |    43 |     9 ||    52
